Map: Romanticide LE

Players

rottenorange

  • Race: Zerg Zerg
  • Spawn Location: 11:00

itsDani - Winner!

  • Race: Protoss Protoss
  • League: Platinum
  • Spawn Location: 5:00

VOD

Have the link to the VOD?

Description

Time

  • Played on: Oct. 1, 2020, 1:18 p.m.
  • Length: 18:04
Show
View Real Time Build Order
Export as new Build Order

rottenorange Zerg 

Build Orders: Pool First 

Get SALT Encoding   

  12  0:00  Drone  
  13  0:13  Overlord  
  13  0:17  Drone  
  14  0:32  Drone x2  
  16  0:38  Drone  
  17  0:46  Drone  
  18  0:58  Drone  
  19  1:12  Extractor  
  19  1:16  Spawning Pool  
  19  1:17  Drone  
  18  1:29  Overlord  
  18  1:30  Drone  
  19  1:33  Hatchery  
  18  1:42  Drone  
  19  1:58  Drone  
  20  2:04  Drone  
  20  2:06  Queen  
  23  2:16  Drone  
  24  2:23  Hatchery  
  24  2:24  Drone  
  24  2:42  Drone  
  25  2:49  Queen, Drone  
  28  2:52  Queen  
  28  2:57  Zergling x4  
  32  3:00  Drone  
  33  3:07  Metabolic Boost  
  33  3:21  Zergling x4  
  33  3:23  Overlord  
  33  3:26  Overlord  
  35  3:29  Zergling x2  
  36  3:38  Lair  
  36  3:42  Drone x5  
  36  3:43  Drone  
  36  3:47  Extractor  
  41  3:50  Drone  
  42  3:56  Overlord x2  
  42  4:09  Evolution Chamber, Zergling x8  
  45  4:11  Evolution Chamber, Zergling x2  
  45  4:13  Drone  
  45  4:14  Drone  
  47  4:22  Drone x3  
  50  4:29  Queen  
  53  4:31  Drone  
  53  4:34  Drone  
  53  4:35  Drone  
  54  4:58  Drone x6  
  54  4:59  Drone x3  
  64  5:00  Drone x2  
  64  5:04  Zerg Missile Weapons Level 1  
  64  5:05  Zerg Ground Armor Level 1  
  65  5:12  Overlord  
  65  5:13  Roach Warren  
  64  5:15  Drone  
  65  5:22  Drone x2  
  65  5:28  Extractor  
  66  5:29  Extractor  
  61  5:58  Drone x4  
  61  5:59  Zergling x12  
  61  6:00  Zergling x12  
  67  6:14  Zergling x2  
  67  6:15  Zergling x8  
  72  6:24  Queen  
  70  6:28  Zergling x12  
  70  6:29  Zergling x6  
  61  7:00  Drone x2  
  61  7:01  Drone x6  
  67  7:03  Zerg Missile Weapons Level 2, Zerg Ground Armor Level 2  
  67  7:05  Glial Reconstitution  
  69  7:09  Overlord  
  69  7:14  Drone x7  
  65  7:32  Zergling x6  
  65  7:33  Zergling x8  
  72  7:43  Roach x7  
  72  7:44  Roach  
  80  8:03  Zergling x16  
  85  8:09  Zergling x4  
  74  8:21  Roach x5  
  74  8:26  Drone  
  87  8:34  Drone x2  
  87  8:56  Hatchery  
  62  9:30  Drone x5  
  62  9:31  Drone x7  
  69  9:32  Drone x3  
  75  9:45  Drone x3  
  61  10:09  Roach  
  61  10:10  Roach x8  
  61  10:11  Roach x4  
  79  10:46  Hatchery  
  79  10:48  Hydralisk Den  
  76  10:50  Queen x2  
  76  10:53  Roach x3  
  76  10:55  Roach x2  
  76  10:56  Roach  
  92  11:02  Drone x2  
  92  11:03  Drone x2  
  96  11:05  Overlord x2  
  96  11:33  Drone x4  
  96  11:34  Drone x2  
  96  11:37  Spine Crawler  
  101  11:41  Drone  
  80  12:21  Zergling x10  
  80  12:22  Zergling x6  
  86  12:23  Zergling x4  
  86  12:24  Zergling x2  
  55  13:07  Drone x3  
  42  13:40  Drone  
  38  14:08  Drone  
  38  14:09  Drone  
  23  14:41  Lair  
  23  14:54  Drone  
  19  15:56  Overseer  
  15  15:58  Overseer  
  15  16:00  Drone x3  
  14  16:17  Zergling x4  
  14  16:18  Zergling x4  
  18  16:26  Zergling x4  
  20  16:41  Spawning Pool  
Show
View Real Time Build Order
Export as new Build Order

itsDani Protoss - Winner!

Build Orders:  

Get SALT Encoding   

  12  0:00  Probe  
  13  0:18  Pylon  
  13  0:24  Probe  
  14  0:37  Probe  
  15  0:49  Probe  
  16  0:58  Gateway  
  16  1:01  Probe  
  17  1:07  Assimilator  
  17  1:13  Probe  
  18  1:25  Probe  
  19  1:37  Probe  
  20  1:45  Nexus  
  20  1:50  Cybernetics Core  
  20  1:56  Probe  
  21  2:02  Assimilator  
  21  2:08  Probe  
  21  2:13  Pylon  
  22  2:20  Probe  
  23  2:28  Warp Gate  
  23  2:31  Adept (Chrono Boost)  
  23  2:33  Probe  
  26  2:53  Twilight Council  
  26  2:57  Stalker  
  26  2:58  Probe x2  
  30  3:15  Robotics Facility  
  30  3:25  Probe x2  
  30  3:26  Resonating Glaives  
  32  3:42  Gateway  
  32  3:55  Probe x2  
  34  4:04  Warp Prism  
  36  4:10  Gateway  
  36  4:11  Gateway  
  36  4:14  Probe (Chrono Boost)  
  38  4:18  Probe (Chrono Boost)  
  38  4:23  Adept  
  40  4:29  Probe (Chrono Boost)  
  40  4:30  Probe  
  42  4:37  Pylon  
  42  4:45  Adept x2  
  46  5:12  Adept x3  
  52  5:19  Probe  
  52  5:20  Probe  
  54  5:24  Pylon  
  54  5:25  Pylon  
  54  5:53  Adept x3  
  54  5:54  Adept  
  56  6:14  Adept x3  
  56  6:15  Adept  
  54  6:44  Adept x3  
  54  6:45  Adept  
  60  7:00  Probe x2  
  56  7:02  Assimilator  
  56  7:04  Assimilator  
  56  7:08  Adept x3  
  56  7:09  Adept  
  56  7:12  Probe  
  65  7:29  Adept x2  
  69  7:38  Pylon  
  69  7:40  Pylon x2  
  69  7:43  Gateway  
  69  7:44  Gateway x2  
  69  7:46  Gateway  
  69  7:58  Adept x3  
  73  7:59  Adept  
  75  8:15  Probe x2  
  53  8:27  Adept x4, Probe  
  60  8:48  Adept  
  60  8:49  Adept x3  
  68  9:07  Adept x4  
  64  9:28  Adept  
  64  9:29  Adept x6  
  64  9:30  Adept  
  76  9:52  Adept x6  
  84  9:53  Adept x2  
  66  10:18  Adept x5  
  66  10:19  Adept x3  
  56  10:46  Zealot  
  56  10:47  Zealot x5  
  56  10:48  Stalker x2  
  52  11:01  Nexus  
  52  11:04  Immortal, Pylon  
  56  11:05  Pylon  
  56  11:11  Pylon  
  56  11:12  Pylon  
  56  11:15  Gateway x2  
  56  11:17  Gateway  
  56  11:22  Dark Shrine  
  56  11:31  Adept x2  
  56  11:32  Adept x4  
  66  11:34  Adept  
  70  11:43  Immortal  
  64  11:55  Stalker x2  
  64  11:56  Stalker x2  
  59  12:09  Stalker x3  
  56  12:19  Immortal (Chrono Boost)  
  51  12:34  Dark Templar  
  51  12:35  Dark Templar  
  49  12:47  Dark Templar  
  32  13:21  Dark Templar  
  33  13:28  Pylon  
  33  13:30  Assimilator  
  27  13:50  Probe  
  28  14:02  Probe  
  29  14:13  Zealot  
  29  14:14  Zealot x5, Probe  
  42  14:26  Probe  
  42  14:30  Nexus  
  37  14:35  Zealot  
  33  14:38  Probe  
  19  16:33  Nexus  
  15  17:18  Probe  
  16  17:30  Probe  
  17  17:58  Pylon  
Tags
 
League
Platinum
Matchup
PvZ
Opening
Pool First
Replay Pack
replays
Spawn Locations
Cross Positions
Add a new tag
Caveats
  • Supply blocks, unpowered buildings, or Contaminate may cause inaccurate times.
  • Supply counts are checked every 10 seconds.